[Event "Early Titled Tuesday Blitz | February 8 2022"]
[White "Guliyev, Namig"]
[Black "Shimanov, Aleksandr"]
[WhiteFideId "13400363"]
[BlackFideId "4198603"]
[WhiteElo "2698"]
[BlackElo "2901"]
[Result "1-0"]
[Round "03"]
[TimeControl "180+1"]
[Date "2022.02.08"]
[WhiteClock "0:00:26"]
[BlackClock "0:00:03"]

1. e4 d5 2. exd5 Qxd5 3. Nc3 Qe5+ 4. Be2 Bg4 5. d4 Bxe2 6. Ncxe2 Qd6 7. Nf3 Nf6 8. O-O e6 9. Bf4 Qd8 10. c4 Bd6 11. Qb3 b6 12. Rad1 O-O 13. h3 Qc8 14. Rfe1 Nbd7 15. Ne5 Re8 16. Ng3 Qb7 17. Qe3 Rad8 18. b3 a5 19. Rd3 Bb4 20. Red1 Nf8 21. h4 Ng6 22. Bg5 Be7 23. h5 Nxe5 24. dxe5 Ng4 25. Rxd8 Bxd8 26. Qf4 Bxg5 27. Qxg5 Nh6 28. Rd8 Kf8 29. Rxe8+ Kxe8 30. Qxg7 Nf5 31. Qg8+ Ke7 32. Qg5+ Ke8 33. Nxf5 exf5 34. Qxf5 h6 35. e6 fxe6 36. Qxe6+ Kd8 37. Qxh6 Qe4 38. Qf8+ Kd7 39. Qf7+ Kc8 40. g3 1-0


[Site "https://www.chess.com"]

[Event "Early Titled Tuesday Blitz | February 8 2022"]
[White "Gupta, Abhijeet"]
[Black "Szpar, Milosz"]
[WhiteFideId "5010608"]
[BlackFideId "1184989"]
[WhiteElo "2549"]
[BlackElo "2447"]
[Result "0-1"]
[Round "03"]
[TimeControl "180+1"]
[Date "2022.02.08"]
[WhiteClock "0:00:06"]
[BlackClock "0:00:06"]

1. Nf3 Nf6 2. c4 c6 3. g3 d5 4. Bg2 g6 5. b3 Bg7 6. Bb2 O-O 7. O-O dxc4 8. bxc4 c5 9. d4 Nc6 10. d5 Na5 11. Nbd2 b6 12. Qc2 e6 13. e4 exd5 14. cxd5 Ba6 15. Rfe1 Re8 16. h3 Rc8 17. Rad1 Qd7 18. Bc3 Qb5 19. Bf1 c4 20. Nd4 Qc5 21. Bg2 Bb7 22. N2f3 Ba8 23. Rb1 Qc7 24. d6 Qd7 25. e5 Nd5 26. Bxa5 bxa5 27. Rbd1 Nb4 28. Qc3 Nd3 29. Rxd3 cxd3 30. Qxd3 Bd5 31. a3 h6 32. Qd2 a4 33. Qa5 Ba8 34. Nh4 Bxg2 35. Nxg2 Qb7 36. Nf4 Rcd8 37. Qd5 Qxd5 38. Nxd5 Rxd6 39. exd6 Rxe1+ 40. Kg2 Bxd4 41. d7 Bb6 42. Nxb6 Rd1 43. Nxa4 Rxd7 44. Nc5 Rc7 45. Ne4 Rc4 46. f3 Ra4 47. g4 Rxa3 48. h4 Rb3 49. Nc5 Rb5 50. Na4 a5 51. Kf2 Rb4 52. Nc3 a4 53. Ke2 a3 54. Kd2 Rb2+ 55. Kc1 Rf2 56. Ne4 a2 57. Nxf2 a1=Q+ 58. Kd2 Qf6 59. Ke2 Qxh4 60. Ne4 Qh2+ 61. Ke3 h5 62. gxh5 gxh5 63. f4 Kg7 64. Ng5 Qg3+ 65. Ke4 h4 66. Kf5 h3 0-1


[Site "https://www.chess.com"]

[Event "Early Titled Tuesday Blitz | February 8 2022"]
[White "Haddouche, Mohamed"]
[Black "Aaditya Dhingra"]
[WhiteFideId "7900660"]
[BlackFideId "25678191"]
[WhiteElo "2443"]
[BlackElo "1789"]
[Result "1-0"]
[Round "03"]
[TimeControl "180+1"]
[Date "2022.02.08"]
[WhiteClock "0:00:04"]
[BlackClock "0:00:02"]

1. e4 c6 2. d4 d5 3. e5 c5 4. dxc5 Nc6 5. Nf3 e6 6. Be3 Nge7 7. Bb5 Nf5 8. Bd4 Nxd4 9. Qxd4 Qa5+ 10. Nc3 Qxb5 11. Nxb5 Nxd4 12. Nfxd4 Bxc5 13. c3 O-O 14. Nb3 Be7 15. O-O Bd7 16. N5d4 a5 17. a3 a4 18. Nd2 Ra6 19. Rfe1 Rb6 20. Rab1 Rc8 21. N2f3 f6 22. Kf1 f5 23. h4 f4 24. Nc2 h6 25. Ke2 Bb5+ 26. Kd2 Be8 27. Nb4 Bg6 28. Rbc1 Bh5 29. Nd4 Rc4 30. Nd3 Bg6 31. Nb4 Bxb4 32. axb4 Rbxb4 33. cxb4 Rxd4+ 34. Ke2 Bd3+ 35. Kf3 Rxb4 36. Rc8+ Kh7 37. h5 Be4+ 38. Kg4 Bf5+ 39. Kf3 Rxb2 40. Rec1 a3 41. Ra8 Be4+ 42. Kg4 Bc2 43. Rxa3 b5 44. Rc3 Bf5+ 45. Kxf4 b4 46. Rc7 Rxf2+ 47. Kg3 Re2 48. Rb7 Rxe5 49. Rcc7 Be4 50. Rxg7+ Kh8 51. Rgc7 Rg5+ 52. Kf4 Rf5+ 53. Ke3 Kg8 54. Kd4 Bxg2 55. Kc5 1-0


[Site "https://www.chess.com"]

[Event "Early Titled Tuesday Blitz | February 8 2022"]
[White "Hakobyan, Aram"]
[Black "Molina, Roberto Junio Brito"]
[WhiteFideId "13306677"]
[BlackFideId "2109450"]
[WhiteElo "2557"]
[BlackElo "2402"]
[Result "1-0"]
[Round "03"]
[TimeControl "180+1"]
[Date "2022.02.08"]
[WhiteClock "0:01:01"]
[BlackClock "0:00:59"]

1. b3 d5 2. Bb2 Bg4 3. Nf3 Nd7 4. g3 e6 5. h3 Bh5 6. Bg2 c6 7. d3 f6 8. O-O Bd6 9. c4 Ne7 10. Nbd2 O-O 11. Qc2 e5 12. a3 a5 13. e3 Bf7 14. Rac1 Be6 15. Rfd1 Qb6 16. d4 Qa7 17. dxe5 Nxe5 18. cxd5 Nxf3+ 19. Nxf3 cxd5 20. Nd4 Bd7 21. Qe2 Qb6 22. Qh5 Bc6 23. Qg4 Rf7 24. h4 Re8 25. h5 h6 26. e4 Bd7 27. Qxd7 1-0


[Site "https://www.chess.com"]

[Event "Early Titled Tuesday Blitz | February 8 2022"]
[White "Hamley, Ryan"]
[Black "Garriga Cazorla, Pere"]
[WhiteFideId "30959497"]
[BlackFideId "32011601"]
[WhiteElo "2474"]
[BlackElo "2458"]
[Result "1-0"]
[Round "03"]
[TimeControl "180+1"]
[Date "2022.02.08"]
[WhiteClock "0:00:18"]
[BlackClock "0:00:20"]

1. d4 Nf6 2. c4 e6 3. Nf3 c5 4. d5 exd5 5. cxd5 d6 6. Nc3 g6 7. e4 Bg7 8. Bf4 O-O 9. Nd2 Nh5 10. Be3 Nd7 11. Be2 Nhf6 12. Nc4 Nb6 13. Qd3 Nxc4 14. Qxc4 a6 15. a4 b5 16. Qd3 Bd7 17. O-O c4 18. Qc2 b4 19. Nb1 Rc8 20. Nd2 c3 21. bxc3 bxc3 22. Nb3 Re8 23. Bd3 Ng4 24. Bd4 Qh4 25. h3 Ne5 26. f4 Nxd3 27. Qxd3 Bxd4+ 28. Nxd4 Qd8 29. Rfc1 Qa5 30. Ra3 c2 31. Rxc2 Rxc2 32. Nxc2 Qc5+ 33. Kh2 f5 34. e5 dxe5 35. fxe5 Rxe5 36. Rc3 Qxd5 37. Qxa6 Re2 38. Qxe2 Bxa4 39. Qc4 1-0


[Site "https://www.chess.com"]

[Event "Early Titled Tuesday Blitz | February 8 2022"]
[White "Harshavardhan G B"]
[Black "Heinemann, Josefine"]
[WhiteFideId "25059009"]
[BlackFideId "12900460"]
[WhiteElo "1831"]
[BlackElo "2300"]
[Result "1-0"]
[Round "03"]
[TimeControl "180+1"]
[Date "2022.02.08"]
[WhiteClock "0:00:18"]
[BlackClock "0:00:15"]

1. d4 Nf6 2. c4 g6 3. h4 c5 4. d5 e6 5. h5 exd5 6. hxg6 fxg6 7. cxd5 d6 8. Nc3 Bg7 9. Nf3 O-O 10. Bh6 Re8 11. Qd2 Qe7 12. Bxg7 Qxg7 13. e3 Bf5 14. Bd3 Bxd3 15. Qxd3 Nbd7 16. O-O-O a6 17. Ne2 Ne5 18. Nxe5 Rxe5 19. Nf4 Qf7 20. Rh6 Ng4 21. Nxg6 Nxh6 22. Nxe5 dxe5 23. d6 Rd8 24. Qe4 Qg7 25. Qd5+ Kh8 26. Qxc5 Nf5 27. d7 Qe7 28. Qc8 Kg7 29. Kb1 Kf6 30. g4 Ng7 31. Qxb7 Ne6 32. f4 exf4 33. exf4 Kg7 34. Qd5 Nf8 35. Qd4+ Kg8 36. Qc4+ Qf7 37. Qxa6 Qxf4 38. a4 Qe4+ 39. Ka2 Qxg4 40. Qb5 Qe6+ 41. Ka3 Qe7+ 42. Qb4 Qxb4+ 43. Kxb4 Rxd7 44. Rg1+ Kf7 45. a5 Rb7+ 46. Ka3 Nd7 47. b4 Ne5 48. Ka4 Nc4 49. a6 Rb8 50. b5 Nd6 51. a7 Ra8 52. b6 Nc8 53. Kb5 Nxb6 54. Kxb6 h5 55. Rg5 1-0


[Site "https://www.chess.com"]

[Event "Early Titled Tuesday Blitz | February 8 2022"]
[White "Hartikainen, Jarmo"]
[Black "Pniaczek, Marek"]
[WhiteFideId "503134"]
[BlackFideId "21800421"]
[WhiteElo "2107"]
[BlackElo "2138"]
[Result "0-1"]
[Round "03"]
[TimeControl "180+1"]
[Date "2022.02.08"]
[WhiteClock "0:00:11"]
[BlackClock "0:00:21"]

1. e4 c5 2. Nf3 e6 3. d4 cxd4 4. Nxd4 Nc6 5. Nc3 a6 6. Be3 d6 7. Be2 Nf6 8. O-O Be7 9. Kh1 O-O 10. f4 Nxd4 11. Bxd4 b5 12. a3 Bb7 13. Bf3 a5 14. Bxf6 Bxf6 15. Nxb5 Ba6 16. e5 Bxb5 17. Bxa8 dxe5 18. fxe5 Bxf1 19. exf6 Qxf6 20. Qxf1 Qxf1+ 21. Rxf1 Rxa8 22. b4 axb4 23. axb4 e5 24. Rb1 Kf8 25. c4 Ke7 26. Kg1 f5 27. Kf2 Ra2+ 28. Kf3 Rc2 29. c5 Ke6 30. g4 g6 31. gxf5+ gxf5 32. h4 h5 33. Rb3 Rc4 34. Kg3 Rg4+ 35. Kf3 Rc4 36. Ke3 Rxh4 37. b5 Rh3+ 0-1


[Site "https://www.chess.com"]

[Event "Early Titled Tuesday Blitz | February 8 2022"]
[White "Hasangatin, Ramil"]
[Black "Lucas, Arthur"]
[WhiteFideId "4122160"]
[BlackFideId "26093073"]
[WhiteElo "2375"]
[BlackElo "2129"]
[Result "0-1"]
[Round "03"]
[TimeControl "180+1"]
[Date "2022.02.08"]
[WhiteClock "0:00:06"]
[BlackClock "0:00:04"]

1. e4 c5 2. Nf3 e6 3. g3 Nc6 4. Bg2 d5 5. exd5 exd5 6. d4 Bg4 7. O-O Nf6 8. Be3 cxd4 9. Bxd4 Be7 10. h3 Bxf3 11. Bxf3 Nxd4 12. Qxd4 O-O 13. Nc3 Rc8 14. Rac1 Bc5 15. Qd3 Qd6 16. Kg2 d4 17. Ne4 Nxe4 18. Bxe4 g6 19. a3 a5 20. Rfe1 b6 21. Re2 Kg7 22. Rce1 Rfe8 23. h4 h5 24. Qb5 Re5 25. Bd3 Rxe2 26. Rxe2 Rc7 27. Kg1 Re7 28. Rxe7 Qxe7 29. Qc6 Qd6 30. Qe4 Qe7 31. Qa8 Qf8 32. Qf3 Qe7 33. Kg2 Qf6 34. Qa8 Qe6 35. Qb7 Qe7 36. Qf3 Qf6 37. Qa8 Qe6 38. Be4 Qf6 39. Bf3 d3 40. c3 Qe5 41. b4 Be7 42. Qb7 axb4 43. cxb4 Qd6 44. Qe4 Bf6 45. Bd1 d2 46. Qf3 Qd4 47. Bb3 Qc3 48. Qd5 Kh6 49. Qxf7 Qc6+ 50. Kh2 Qd6 51. Bd1 Bxh4 52. a4 Bf6 53. a5 bxa5 54. bxa5 Qd4 55. Kg1 h4 56. g4 Kg5 57. Qb7 Qf4 58. Qb5+ Be5 59. Kf1 h3 60. a6 h2 61. a7 h1=Q+ 62. Ke2 Qe1+ 63. Kd3 Qfe4# 0-1


[Site "https://www.chess.com"]

[Event "Early Titled Tuesday Blitz | February 8 2022"]
[White "Haukenfrers, Dale"]
[Black "Zanette, Edgard Vinicius"]
[WhiteFideId "2603780"]
[BlackFideId "2109263"]
[WhiteElo "1983"]
[BlackElo "2182"]
[Result "0-1"]
[Round "03"]
[TimeControl "180+1"]
[Date "2022.02.08"]
[WhiteClock "0:00:54"]
[BlackClock "0:00:24"]

1. e3 d5 2. Nf3 c5 3. Na3 a6 4. e4 dxe4 5. Ng5 Nf6 6. Bc4 e6 7. b3 Be7 8. Bb2 O-O 9. Qe2 Nc6 10. Nxe4 Nd4 11. Nxf6+ Bxf6 12. Qe4 Bd7 13. O-O-O Bc6 14. Qg4 b5 15. Bd3 Bb7 16. Qh5 g6 17. Qxc5 Rc8 18. Qb4 a5 19. Qxb5 Nxb5 20. Bxb5 Bxb2+ 21. Kxb2 Bxg2 22. Rhg1 Bf3 23. Rde1 Qxd2 24. Nc4 Qd4+ 25. c3 Qxf2+ 26. Ka3 Bd5 27. Ref1 Qc5+ 28. Ka4 Rb8 29. Bd7 Bxc4 30. bxc4 Qxc4+ 31. Ka3 Qxc3+ 32. Ka4 Qb4# 0-1


[Site "https://www.chess.com"]

[Event "Early Titled Tuesday Blitz | February 8 2022"]
[White "Hess, Robert"]
[Black "Beerdsen, Thomas"]
[WhiteFideId "2022036"]
[BlackFideId "1030108"]
[WhiteElo "2557"]
[BlackElo "2585"]
[Result "0-1"]
[Round "03"]
[TimeControl "180+1"]
[Date "2022.02.08"]
[WhiteClock "0:00:02"]
[BlackClock "0:00:33"]

1. b3 e5 2. Bb2 Nc6 3. h3 Nf6 4. e3 a6 5. d3 d5 6. Nd2 Be6 7. Ne2 Bc5 8. a3 Ba7 9. g4 h5 10. g5 Nd7 11. h4 f6 12. Rg1 Bg4 13. Bg2 Ne7 14. Bf3 Ng6 15. Bxg4 hxg4 16. Ng3 fxg5 17. Qxg4 Rxh4 18. Qe6+ Ne7 19. Nf5 Rh7 20. Rxg5 Nf8 21. Qxe5 g6 22. Ng7+ Kf7 23. Qf6+ Kg8 24. O-O-O d4 25. exd4 Rxg7 26. d5 Rh7 27. Rdg1 Qd6 28. Ne4 Qxf6 29. Nxf6+ Kf7 30. Nxh7 Nxh7 31. Re5 Nf6 32. Rh1 Nexd5 33. Ree1 Nf4 34. Bxf6 Kxf6 35. Rh7 Bxf2 36. Rf1 Be3+ 37. Kb2 Bd4+ 38. c3 Be5 39. d4 Bd6 40. c4 g5 41. c5 Be7 42. Re1 Nd3+ 43. Kc3 Nxe1 0-1


[Site "https://www.chess.com"]

[Event "Early Titled Tuesday Blitz | February 8 2022"]
[White "Hoffmann, Asa"]
[Black "Funderburg, John T"]
[WhiteFideId "2001470"]
[BlackFideId "2004992"]
[WhiteElo "2117"]
[BlackElo "2023"]
[Result "1-0"]
[Round "03"]
[TimeControl "180+1"]
[Date "2022.02.08"]
[WhiteClock "0:01:29"]
[BlackClock "0:00:01"]

1. d4 Nf6 2. Bg5 d5 3. Nd2 c5 4. e3 Qb6 5. dxc5 Qxb2 6. Ngf3 Ne4 7. Nxe4 dxe4 8. Nd2 Nc6 9. Be2 e5 10. O-O Bxc5 11. Nxe4 Qa3 12. Qd5 Be7 13. Bxe7 Qxe7 14. Bb5 O-O 15. Qd6 Qxd6 16. Nxd6 Rd8 17. Rfd1 Ne7 18. Bc4 Be6 19. Bxe6 fxe6 20. Nxb7 Rdb8 21. Nc5 Rb2 22. Nxe6 Rxc2 23. Rac1 1-0


[Site "https://www.chess.com"]

[Event "Early Titled Tuesday Blitz | February 8 2022"]
[White "Hua, Lefong"]
[Black "Van Foreest, Jorden"]
[WhiteFideId "2602253"]
[BlackFideId "1039784"]
[WhiteElo "2536"]
[BlackElo "2609"]
[Result "0-1"]
[Round "03"]
[TimeControl "180+1"]
[Date "2022.02.08"]
[WhiteClock "0:01:07"]
[BlackClock "0:02:00"]

1. d4 Nf6 2. c4 g6 3. Nc3 Bg7 4. e4 d6 5. f4 O-O 6. Nf3 b5 7. cxb5 Bb7 8. Bd3 a6 9. bxa6 Nxa6 10. O-O c5 11. d5 Nb4 12. Bc4 Qb6 13. a3 e6 14. dxe6 fxe6 15. Bxe6+ Kh8 16. Ng5 h6 17. Nf7+ Kh7 18. Qxd6 Bc6 19. Be3 Nc2 20. Bxc5 Qb7 21. Rac1 Nxe4 22. Qe7 Nxc5 23. Qxb7 Bxb7 24. Bd5 Ne3 25. Bxb7 Nxb7 26. Ne5 Nxf1 27. Rxf1 Bxe5 0-1


[Site "https://www.chess.com"]

[Event "Early Titled Tuesday Blitz | February 8 2022"]
[White "Idrisov, Ildar F"]
[Black "Nazari, Arad"]
[WhiteFideId "4151020"]
[BlackFideId "12577324"]
[WhiteElo "2209"]
[BlackElo "2120"]
[Result "0-1"]
[Round "03"]
[TimeControl "180+1"]
[Date "2022.02.08"]
[WhiteClock "0:00:08"]
[BlackClock "0:00:06"]

1. Nf3 Nf6 2. b3 g6 3. Bb2 Bg7 4. c4 O-O 5. g3 c6 6. Bg2 d5 7. O-O Nbd7 8. d3 Re8 9. Nbd2 e5 10. e4 d4 11. b4 a5 12. a3 Qe7 13. Qb3 a4 14. Qc2 b5 15. Rac1 Nf8 16. cxb5 cxb5 17. Qc7 Bh6 18. Qxe7 Rxe7 19. Rc5 Rb8 20. Rxe5 Rxe5 21. Nxe5 Bxd2 22. Bxd4 Ne6 23. Nc6 Nxd4 24. Nxb8 Be6 25. e5 Ng4 26. Nc6 Nxc6 27. Bxc6 Nxe5 28. Bxb5 Nf3+ 29. Kg2 Bd5 30. Bxa4 Nd4+ 31. f3 g5 32. h3 h5 33. g4 hxg4 34. hxg4 f5 35. Bd7 f4 36. Bf5 Nc2 37. Rb1 Nxa3 38. Rb2 Bc3 39. Re2 Bxb4 40. Be6+ Bxe6 41. Rxe6 Kf7 42. Re5 Be7 43. Kf2 Nc2 44. Rf5+ Ke6 45. Ra5 Ne3 46. Ra6+ Ke5 47. Ke2 Nd5 48. Ra5 Bb4 49. Rb5 Bc3 50. Rc5 Bd4 51. Rb5 Be3 52. Ra5 Kd4 53. Ra4+ Kc5 54. Rc4+ Kd6 55. Rc8 Nf6 56. Rf8 Ke6 57. Rb8 Nd7 58. Rg8 Kf6 59. Rd8 Ne5 60. Rd6+ Ke7 61. Ra6 Kf7 62. Ra5 Ke6 63. Ra6+ Kd5 64. Ra8 Nc6 65. Rg8 Nd4+ 66. Kf1 Nxf3 67. Rg6 Kd4 68. Ke2 Ng1+ 69. Kf1 Kxd3 70. Rxg5 Nf3 71. Rg8 Ke4 72. g5 Nd2+ 73. Ke1 f3 74. Rf8 Bf4 75. Rxf4+ Kxf4 76. g6 Ke3 77. g7 f2+ 78. Kd1 f1=Q+ 79. Kc2 Qb1+ 80. Kc3 Qb3# 0-1


[Site "https://www.chess.com"]

[Event "Early Titled Tuesday Blitz | February 8 2022"]
[White "Iskusnyh, Sergei"]
[Black "Kukula, Pawel"]
[WhiteFideId "4120027"]
[BlackFideId "1115081"]
[WhiteElo "2492"]
[BlackElo "2203"]
[Result "1-0"]
[Round "03"]
[TimeControl "180+1"]
[Date "2022.02.08"]
[WhiteClock "0:00:17"]
[BlackClock "0:00:02"]

1. d4 Nf6 2. c4 g6 3. g3 Bg7 4. Bg2 O-O 5. Nc3 d6 6. Nf3 Nc6 7. O-O Bf5 8. d5 Na5 9. Nh4 Bd7 10. Qd3 c5 11. b3 a6 12. Bd2 b5 13. Rab1 b4 14. Ne4 Nb7 15. f4 a5 16. Nxf6+ Bxf6 17. e4 a4 18. Nf3 axb3 19. axb3 Ra2 20. Kh1 Qc8 21. e5 Bf5 22. Qe3 Bg7 23. Ra1 Rxa1 24. Rxa1 e6 25. Nh4 dxe5 26. Nxf5 exf5 27. fxe5 Re8 28. Ra7 Bxe5 29. Qf2 Nd6 30. Be3 Bd4 31. Bxd4 cxd4 32. h4 Qc5 33. Ra6 Ne4 34. Bxe4 Rxe4 35. Rc6 Qe7 36. d6 Qe5 37. d7 Re1+ 38. Kh2 Re2 39. d8=Q+ Kg7 40. Qxd4 Qxd4 41. Qxe2 f4 42. Ra6 fxg3+ 43. Kg2 h5 44. Ra2 Kh7 45. Qf3 f5 46. Re2 Qa1 47. Re7+ Kg8 48. Qd5+ Kh8 49. Qd8# 1-0


[Site "https://www.chess.com"]

[Event "Early Titled Tuesday Blitz | February 8 2022"]
[White "Jain Kashish Manoj"]
[Black "Kalajzic, Ivan"]
[WhiteFideId "35081098"]
[BlackFideId "14506378"]
[WhiteElo "1681"]
[BlackElo "2163"]
[Result "1-0"]
[Round "03"]
[TimeControl "180+1"]
[Date "2022.02.08"]
[WhiteClock "0:00:05"]
[BlackClock "0:00:17"]

1. e4 Nc6 2. d4 e5 3. Nf3 exd4 4. Nxd4 Nf6 5. Nc3 Bb4 6. Nxc6 bxc6 7. Bd3 d5 8. exd5 cxd5 9. O-O O-O 10. Bg5 c6 11. Qf3 Bd6 12. h3 Rb8 13. b3 Be5 14. Bf4 Nd7 15. Bxe5 Nxe5 16. Bxh7+ Kxh7 17. Qh5+ Kg8 18. Qxe5 Ba6 19. Rfe1 Qa5 20. Re3 Rbe8 21. Qg5 Rxe3 22. Qxe3 Qb4 23. Na4 d4 24. Qe5 d3 25. cxd3 Bxd3 26. Rd1 Bb5 27. Nc5 Qh4 28. Rd4 Qh6 29. a4 Be2 30. Nd7 Qc1+ 31. Kh2 c5 32. Re4 Bd3 33. Re3 c4 34. bxc4 Qxc4 35. Nxf8 Bc2 36. Nd7 Qc7 37. Qxc7 a5 38. Qd8+ Kh7 39. Qh4+ Kg6 40. Rg3+ Kf5 41. Qg4# 1-0


[Site "https://www.chess.com"]

[Event "Early Titled Tuesday Blitz | February 8 2022"]
[White "Jakubowski, Krzysztof"]
[Black "Jones, Gawain C B"]
[WhiteFideId "1112848"]
[BlackFideId "409561"]
[WhiteElo "2365"]
[BlackElo "2657"]
[Result "0-1"]
[Round "03"]
[TimeControl "180+1"]
[Date "2022.02.08"]
[WhiteClock "0:01:12"]
[BlackClock "0:01:42"]

1. e4 e5 2. Nf3 Nc6 3. Bc4 Bc5 4. O-O Nf6 5. d3 d6 6. Re1 Ng4 7. Re2 Nd4 8. Nxd4 Bxd4 9. c3 Qh4 10. h3 Bxf2+ 11. Rxf2 Qxf2+ 12. Kh1 h5 13. Nd2 Qg3 14. Qa4+ Bd7 0-1


[Site "https://www.chess.com"]

[Event "Early Titled Tuesday Blitz | February 8 2022"]
[White "Jumabayev, Rinat"]
[Black "Sarana, Alexey"]
[WhiteFideId "13702661"]
[BlackFideId "24133795"]
[WhiteElo "2561"]
[BlackElo "2665"]
[Result "1/2-1/2"]
[Round "03"]
[TimeControl "180+1"]
[Date "2022.02.08"]
[WhiteClock "0:00:10"]
[BlackClock "0:00:10"]

1. d4 Nf6 2. c4 e6 3. Nf3 d5 4. g3 Bb4+ 5. Bd2 Be7 6. Bg2 O-O 7. O-O c6 8. Qc2 Nbd7 9. Bf4 b6 10. Nbd2 Nh5 11. e3 Ba6 12. h4 Rc8 13. Rfd1 Nxf4 14. exf4 Nf6 15. Rac1 h6 16. f5 exf5 17. Qxf5 Bb4 18. Ne5 Qd6 19. Nf1 dxc4 20. Nxc4 Qd7 21. Nfe3 Rfd8 22. Ne5 Qxf5 23. Nxf5 Be2 24. a3 Bxd1 25. axb4 Ba4 26. Ne7+ Kf8 27. Nxc8 Rxc8 28. Bxc6 Nd5 29. Rc4 Bxc6 30. Rxc6 Rxc6 31. Nxc6 a6 32. Kf1 Ke8 33. Ke2 f6 34. b5 axb5 35. Na7 b4 36. Kd3 Kd7 37. Kc4 Kd6 38. h5 f5 39. b3 Nf6 40. Nb5+ Kc6 41. Kxb4 Nxh5 42. Nc3 Nf6 43. Kc4 Ne8 44. d5+ Kd7 45. Kd4 Nd6 46. Ke5 h5 47. Ne2 Ke7 48. Nf4 g5 49. Nxh5 Ne4 50. f4 gxf4 51. Kxf4 Nc5 52. Kxf5 Nxb3 53. Kg5 Nd4 54. Nf4 b5 55. Nd3 Kd6 56. Kf4 Kxd5 57. g4 Kc4 58. Ke4 Ne6 59. Ne5+ Kc3 60. Nc6 Ng5+ 61. Kf5 Nf3 62. g5 Nxg5 63. Kxg5 b4 64. Nxb4 1/2-1/2


[Site "https://www.chess.com"]

[Event "Early Titled Tuesday Blitz | February 8 2022"]
[White "Kaasen, Tor Fredrik"]
[Black "Iljushina, Olga"]
[WhiteFideId "1516647"]
[BlackFideId "4152280"]
[WhiteElo "2335"]
[BlackElo "1937"]
[Result "1-0"]
[Round "03"]
[TimeControl "180+1"]
[Date "2022.02.08"]
[WhiteClock "0:02:01"]
[BlackClock "0:01:06"]

1. e4 e5 2. Nf3 Nc6 3. Bb5 a6 4. Ba4 Nf6 5. O-O Be7 6. Re1 b5 7. Bb3 O-O 8. a4 b4 9. d3 d6 10. Nbd2 Be6 11. a5 Nd4 12. Nxd4 exd4 13. e5 Bxb3 14. exf6 Bxf6 15. Nxb3 c5 16. Nd2 d5 17. Nf3 Qd6 18. Bg5 Bxg5 19. Nxg5 Qf4 20. Qh5 h6 21. Nf3 Rad8 22. Re7 Qd6 23. Rae1 Qf4 24. g3 Qf6 25. Kg2 Kh7 26. Rc7 g6 27. Qg4 Qd6 28. Ree7 Kg7 29. Ne5 Qf6 30. Rxf7+ Rxf7 31. Rxf7+ Qxf7 32. Nxf7 Kxf7 33. Qf4+ 1-0


[Site "https://www.chess.com"]

[Event "Early Titled Tuesday Blitz | February 8 2022"]
[White "Kanyamarala, Tarun"]
[Black "Yeletsky, Ivan"]
[WhiteFideId "45004714"]
[BlackFideId "24180327"]
[WhiteElo "2144"]
[BlackElo "2348"]
[Result "0-1"]
[Round "03"]
[TimeControl "180+1"]
[Date "2022.02.08"]
[WhiteClock "0:00:04"]
[BlackClock "0:00:21"]

1. d4 Nf6 2. c4 c5 3. d5 b5 4. cxb5 a6 5. bxa6 g6 6. Nc3 Qa5 7. a7 Rxa7 8. Nf3 Ne4 9. Bd2 Nxd2 10. Qxd2 d6 11. e3 Bg7 12. Bb5+ Nd7 13. O-O O-O 14. a4 Nb6 15. Qd3 Qb4 16. Ra2 Bd7 17. Rfa1 Rfa8 18. Bxd7 Nxd7 19. Nd2 Nb6 20. Qc2 c4 21. Ra3 Ra5 22. e4 Nd7 23. Nd1 Nc5 24. Qxc4 Qxd2 25. b4 Bxa1 26. bxa5 Qe1+ 27. Qf1 Qxf1+ 28. Kxf1 Bb2 29. Nxb2 Rxa5 30. f3 f5 31. exf5 gxf5 32. Ke2 Kf7 33. Kd2 Kf6 34. Kc3 Na6 35. Kc4 Rc5+ 36. Kd4 Nb4 37. Nc4 Nc2+ 38. Kd3 Nxa3 0-1


[Site "https://www.chess.com"]

[Event "Early Titled Tuesday Blitz | February 8 2022"]
[White "Karabalis, Harilos"]
[Black "Shimelkov, Vasiliy"]
[WhiteFideId "4621808"]
[BlackFideId "13701630"]
[WhiteElo "2168"]
[BlackElo "2073"]
[Result "0-1"]
[Round "03"]
[TimeControl "180+1"]
[Date "2022.02.08"]
[WhiteClock "0:00:26"]
[BlackClock "0:00:47"]

1. e4 c6 2. d4 d5 3. e5 Bf5 4. h4 h5 5. Bd3 Bxd3 6. Qxd3 e6 7. Ne2 c5 8. c4 Ne7 9. Bg5 Qc7 10. O-O Nbc6 11. Nbc3 dxc4 12. Qxc4 Nf5 13. Nb5 Qb6 14. dxc5 Bxc5 15. Rac1 Be7 16. Bxe7 Kxe7 17. Nd6 Rhd8 18. Nxf5+ exf5 19. Qf4 g6 20. Qg5+ Kf8 21. e6 Qc7 22. Nf4 Qe7 23. Qh6+ Kg8 24. exf7+ Qxf7 25. Nxg6 Qg7 26. Qxh5 Rd6 27. Nf4 Ne5 28. Rcd1 Rh6 29. Qxf5 Nf3+ 30. Kh1 Nxh4 31. Qd5+ Kh8 32. Nh3 Rg8 33. Rg1 Qxb2 34. Qd4+ Qxd4 35. Rxd4 Nf3 36. Rd3 Rxh3+ 0-1


[Site "https://www.chess.com"]

[Event "Early Titled Tuesday Blitz | February 8 2022"]
[White "Karavaeva, Olga"]
[Black "Avila Pavas, Santiago"]
[WhiteFideId "4124111"]
[BlackFideId "4437128"]
[WhiteElo "2105"]
[BlackElo "2242"]
[Result "0-1"]
[Round "03"]
[TimeControl "180+1"]
[Date "2022.02.08"]
[WhiteClock "0:00:53"]
[BlackClock "0:00:38"]

1. c4 e6 2. Nc3 d5 3. cxd5 exd5 4. g3 c6 5. Bg2 Nf6 6. Nf3 Bf5 7. O-O Be7 8. d3 O-O 9. h3 h6 10. a3 Nbd7 11. b4 Re8 12. Bb2 Bf8 13. Rc1 Bh7 14. Qd2 Nb6 15. Rfd1 a5 16. bxa5 Rxa5 17. Na2 Ra8 18. Nb4 Na4 19. Ba1 Qa5 20. Rb1 Be7 21. Nc2 Qxd2 22. Rxd2 Nc5 23. Ncd4 Rxa3 24. Ne5 Rea8 25. Bb2 Ra2 26. f4 Na4 27. Bc1 Nc5 28. Nb3 Ne6 29. Rxa2 Rxa2 30. Kf2 Bd6 31. Be3 Bxe5 32. fxe5 Bxd3 33. Nd2 Bxb1 0-1


[Site "https://www.chess.com"]

[Event "Early Titled Tuesday Blitz | February 8 2022"]
[White "Kazarian, Anna-Maja"]
[Black "Shuvalova, Polina"]
[WhiteFideId "1033689"]
[BlackFideId "24171760"]
[WhiteElo "2004"]
[BlackElo "2355"]
[Result "0-1"]
[Round "03"]
[TimeControl "180+1"]
[Date "2022.02.08"]
[WhiteClock "0:00:01"]
[BlackClock "0:00:51"]

1. e4 c6 2. d4 d5 3. exd5 cxd5 4. c4 Nf6 5. Nc3 e6 6. Bd3 dxc4 7. Bxc4 Bb4 8. Ne2 O-O 9. O-O b6 10. Bg5 Bb7 11. Rc1 Nbd7 12. Qd3 Rc8 13. a3 Be7 14. Rfd1 h6 15. Bh4 Nd5 16. Bg3 Bg5 17. f4 Bf6 18. f5 Nxc3 19. bxc3 exf5 20. Bb3 Be4 21. Qd2 Qe7 22. a4 Rfd8 23. Nf4 Nc5 24. Qb2 Nxb3 25. Qxb3 g6 26. Nxg6 Qe6 27. Qxe6 fxe6 28. Nf4 Kf7 29. Nd3 Bxd3 30. Rxd3 Rc4 31. Bf2 Rxa4 32. Re1 Rc4 33. Rde3 Rc6 34. Ra1 a5 35. h3 h5 36. Rf3 Rd5 37. Ra4 Rb5 38. c4 Rb4 39. Rxb4 axb4 40. c5 bxc5 41. dxc5 Ra6 42. Rd3 Bc3 43. Rd7+ Ke8 44. Rb7 Kd8 45. Bg3 Bd4+ 46. Kf1 Bxc5 47. Ke2 Kc8 48. Rb5 Rc6 49. Kf3 Be7 50. Be5 Kd7 51. Kf4 Ke8 52. Rb7 Rc4+ 53. Kf3 Re4 54. Bf4 h4 55. Be3 Rc4 56. Bd2 Bd6 57. Ke2 e5 58. Kd3 Rd4+ 59. Kc2 Be7 60. Be1 Rc4+ 61. Kb3 Re4 62. Bd2 Re2 63. Bxb4 Bxb4 64. Rxb4 Rxg2 65. Rxh4 Kf7 66. Kc4 Kf6 67. Kd3 Kg5 68. Rh8 Kf4 69. h4 e4+ 70. Kd4 e3 71. h5 Kf3 72. h6 f4 73. h7 Rd2+ 74. Kc3 Rh2 75. Kd3 e2 76. Kd2 Kf2 77. Re8 f3 78. h8=Q Rxh8 0-1


[Site "https://www.chess.com"]